 Dungeon Crawl Stone Soup version 0.28-a0-8-g6e044cfa68 (webtiles) character file.

Game seed: 1346242364327393462

17231 pokeman the Eclecticist (level 12, -11/68 HPs)
             Began as a Deep Elf Hedge Wizard on July 23, 2021.
             Killed from afar by a tengu reaver (24 damage)
             ... with a bolt of acid
             ... on level 13 of the Dungeon.
             The game lasted 00:56:01 (19815 turns).

pokeman the Eclecticist (Deep Elf Hedge Wizard)    Turns: 19815, Time: 00:56:02

Health: -11/68     AC: 14    Str: 10    XL:     12   Next: 17%
Magic:  19/43      EV: 13    Int: 34    God:
Gold:   625        SH:  0    Dex: 14    Spells: 16/43 levels left

rFire   . . .      SeeInvis .   H - staff of air
rCold   . . .      Faith    .   (no shield)
rNeg    . . .      Spirit   .   M - +0 steam dragon scales
rPois   .          Reflect  .   X - +0 helmet
rElec   +          Harm     .   I - +2 cloak
rCorr   .          Rampage  .   w - +0 pair of gloves
Will    +....                   F - +1 pair of boots {Stlth+}
Stlth   ++++......              (no amulet)
HPRegen 0.21/turn               p - ring "Siugug" {rElec Str+3 Int+6 Slay-3 Stlth+}
MPRegen 0.28/turn               u - ring "Pareoless" {rElec MP+9 Int+3}

@: no status effects
A: no striking features
a: no special abilities


You were on level 13 of the Dungeon.
You visited 3 branches of the dungeon, and saw 15 of its levels.

You collected 770 gold pieces.
You spent 145 gold pieces at shops.

Inventory:

Hand Weapons
 d - a +0 shortbow of freezing
 l - a +0 arbalest
Missiles
 b - 50 bolts
 g - 147 arrows
Armour
 s - a +0 troll leather armour
 w - a +0 pair of gloves (worn)
 F - a +1 pair of boots of stealth (worn)
 I - a +2 cloak (worn)
 M - +0 steam dragon scales (worn)
 X - a +0 helmet (worn)
Magical Staves
 e - a staff of death
 H - a staff of air (weapon)
Jewellery
 p - the ring "Siugug" (left hand) {rElec Str+3 Int+6 Slay-3 Stlth+}
   (You found it on level 4 of the Dungeon)

   [ring of intelligence]

   Str:       It affects your strength (+3).
   Int:       It affects your intelligence (+6).
   Slay:      It affects your accuracy & damage with ranged weapons and melee
   (-3).
   rElec:     It insulates you from electricity.
   Stlth:     It makes you more stealthy.
 u - the ring "Pareoless" (right hand) {rElec MP+9 Int+3}
   (You found it on level 7 of the Dungeon)

   [ring of magical power]

   Int:       It affects your intelligence (+3).
   rElec:     It insulates you from electricity.
   MP:        It affects your magic capacity (+9).
 y - the ring "Jeudogich" {Fire *Corrode rElec rPois}
   (You found it on level 12 of the Dungeon)

   [ring of fire]

   It enhances your fire magic.
   rF:        It protects you from fire.
   rC:        It makes you vulnerable to cold.
   rElec:     It insulates you from electricity.
   rPois:     It protects you from poison.
   *Corrode:  It may corrode you when you take damage.
Wands
 f - a wand of acid (11)
 m - a wand of paralysis (6)
 n - a wand of flame (19)
 C - a wand of iceblast (5)
Scrolls
 a - 11 scrolls of teleportation
 c - a scroll of magic mapping
 j - 2 scrolls of amnesia
 v - 2 scrolls of fear
 z - 2 scrolls of vulnerability
 B - a scroll of fog
 D - 2 scrolls of holy word {unknown}
 N - a scroll of blinking {unknown}
 Q - 2 scrolls of enchant weapon {unknown}
 V - a scroll of enchant armour {unknown}
 W - 2 scrolls of acquirement {unknown}
Potions
 h - 3 potions of resistance
 i - 3 potions of berserk rage
 k - a potion of brilliance {unknown}
 o - a potion of haste {unknown}
 q - 5 potions of curing
 r - a potion of invisibility
 t - 2 potions of mutation {unknown}
 x - 2 potions of heal wounds {unknown}
 A - 2 potions of degeneration {unknown}
 J - a potion of attraction {unknown}
 O - a potion of lignification {unknown}
Miscellaneous
 E - a tin of tremorstones (2/2)
 R - a condenser vane


   Skills:
 + Level 5.0 Fighting
 - Level 5.0 Armour
 - Level 3.0 Dodging
 - Level 3.0 Stealth
 * Level 16.0 Spellcasting
 + Level 9.9 Conjurations
 - Level 1.1 Summonings
 - Level 1.2 Necromancy
 - Level 1.1 Translocations
 - Level 1.0 Transmutations
 + Level 9.2 Fire Magic
 - Level 1.0 Air Magic
 - Level 1.2 Earth Magic
 - Level 1.2 Poison Magic
 - Level 1.3 Evocations


You had 16 spell levels left.
You knew the following spells:

 Your Spells              Type           Power      Damage    Failure   Level
a - Magic Dart            Conj           100%       1d8       1%          1
b - Mephitic Cloud        Conj/Pois/Air  70%        N/A       1%          3
c - Call Imp              Summ           34%        N/A       1%          2
d - Blink                 Tloc           N/A        N/A       1%          2
e - Conjure Flame         Conj/Fire      75%        6-21      1%          3
f - Foxfire               Conj/Fire      100%       2x1d9     1%          1
g - Stone Arrow           Conj/Erth      100%       3d13      1%          3
h - Shock                 Conj/Air       100%       1d9       1%          1
i - Wereblood             Tmut           34%        N/A       1%          2
j - Swiftness             Air            50%        N/A       2%          3
k - Shadow Creatures      Summ           N/A        N/A       80%         6

Your spell library contained the following spells:

 Spells                   Type           Power      Damage    Failure   Level
 Freeze                   Ice            100%       1d11      1%          1
 Sublimation of Blood     Necr           17%        N/A       1%          2
 Fulminant Prism          Conj/Hex       28%        3d14      1%          4
 Hailstorm                Conj/Ice       57%        3d12      1%          4
 Slow                     Hex            27%        N/A       2%          2
 Summon Guardian Golem    Hex/Summ       31%        N/A       3%          3
 Frozen Ramparts          Ice            54%        1d7       4%          3
 Animate Armour           Summ/Erth      70%        N/A       9%          4
 Passage of Golubria      Tloc           N/A        N/A       9%          4
 Airstrike                Air            25%        N/A       10%         4
 Ice Form                 Ice/Tmut       30%        N/A       12%         4
 Summon Ice Beast         Ice/Summ       31%        N/A       12%         4
 Borgnjor's Vile Clutch   Necr/Erth      17%        N/A       24%         5
 Alistair's Intoxication  Tmut/Pois      23%        N/A       26%         5
 Summon Forest            Summ/Tloc      17%        N/A       26%         5
 Silence                  Hex/Air        23%        N/A       32%         5
 Summon Mana Viper        Hex/Summ       31%        N/A       32%         5
 Eringya's Noxious Bog    Tmut/Pois      17%        N/A       80%         6
 Summon Hydra             Summ           17%        N/A       100%        7
 Lehudib's Crystal Spear  Conj/Erth      30%        10d8      100%        8


Dungeon Overview and Level Annotations

Branches:
Dungeon (13/15)            Temple (1/1) D:7            Lair (0/6) D:8
    Orc (1/2) D:10
 Vaults: D:13-14

Altars:
Ashenzari
Cheibriados
Dithmenos
Elyvilon
Fedhas
Gozag
Hepliaklqana
Kikubaaqudgha
Makhleb
Nemelex Xobeh
Qazlal
Ru
Sif Muna
Trog
Uskayaw
Wu Jian
Xom
Yredelemnul
Zin
The Shining One

Shops:
D:6 [   D:9 ?   D:12 *   D:13 [

Annotations:
D:12 2 transporters, DemonSlayer's ghost, journeyman HuBe


Message History

The tengu conjurer closely misses you.
The tengu conjurer barely misses you. x2
Unknown command.
Casting: Stone Arrow (safe; 1% risk of failure)
Confirm with . or Enter, or press ? or * to list all spells.
Aiming: Stone Arrow (safe; 1% risk of failure)
Press: ? - help, Shift-Dir - straight line, f/p - tengu reaver
Aim: a tengu reaver, wielding a +0 great sword and wearing a +1 scale mail of poison resistance (noxious fumes, heavily wounded, 61% to hit)
The stone arrow hits the tengu reaver!
The tengu reaver is severely wounded.
The tengu reaver hits you with a +0 great sword!
The tengu reaver pecks you.
The tengu reaver claws you but does no damage.
The tengu conjurer is engulfed in noxious fumes.
The tengu conjurer appears confused.
The tengu conjurer is engulfed in blazing flames.
Unknown command.
Casting: Stone Arrow (safe; 1% risk of failure)
Confirm with . or Enter, or press ? or * to list all spells.
Aiming: Stone Arrow (safe; 1% risk of failure)
Press: ? - help, Shift-Dir - straight line, f/p - tengu reaver
Aim: a tengu reaver, wielding a +0 great sword and wearing a +1 scale mail of poison resistance (noxious fumes, severely wounded, 61% to hit)
The stone arrow hits the tengu reaver!!
The tengu reaver is almost dead.
The tengu reaver barely misses you. The tengu reaver pecks you.
* * * LOW HITPOINT WARNING * * *
The tengu reaver claws you!
* * * LOW HITPOINT WARNING * * *
The tengu conjurer is engulfed in noxious fumes.
The tengu conjurer appears confused.
The tengu conjurer is engulfed in blazing flames.
You kill the tengu conjurer!
Casting: Stone Arrow (safe; 1% risk of failure)
Confirm with . or Enter, or press ? or * to list all spells.
Aiming: Stone Arrow (safe; 1% risk of failure)
Press: ? - help, Shift-Dir - straight line, f/p - tengu reaver
Aim: a tengu reaver, wielding a +0 great sword and wearing a +1 scale mail of poison resistance (noxious fumes, almost dead, 61% to hit)
The stone arrow misses the tengu reaver.
The tengu reaver casts a spell at you. The bolt of acid hits you!!
You die...

#....+.....##..##Q.# ##........
#....#...>.#...#Q.. ...#........
#....#.....#.....# ...#........
#....#...#.#..... ...#........
#....#...#.#...# ...#........
#....#...#.##..## ##..##.....⌠.⌠
#....#......#...####...#.......∩.
#....#....#.##.§§Q.○..##......⌠.⌠
#....#...##..###@Q..'##.........>
#....#.>.###...######.....##+####
#....#....................#
#....#.....<..............#
#....#...............'....#
#....########........#....#
#####.......#..#######....#
#.......#..#..........#
#.......#..#..........#


You could see a tengu reaver and a tengu conjurer (confused).

Vanquished Creatures
  3 boulder beetles
  A centaur warrior (D:13)
  A death knight (D:8)
  2 two-headed ogres
  A kobold demonologist (D:7)
  A tengu conjurer (D:13)
  A komodo dragon (D:12)
  2 hornets
  3 trolls
  Prince Ribbit (D:6)
  3 slime creatures (D:13)
  A meliai zombie (D:11)
  A shadow (D:11)
  3 wraiths
  2 basilisks (D:12)
  3 wyverns
  3 steam dragons
  13 yaks
  Grum (D:11)
  4 vampire mosquitoes
  2 wargs (D:10)
  Menkaure (D:7)
  3 water moccasins
  4 orc warriors
  2 ice beasts
  A black bear (D:7)
  4 necrophages
  9 centaurs
  3 wolves (D:11)
  2 phantoms (D:6)
  6 bullfrogs
  A gnoll sergeant (D:9)
  A wyvern zombie (D:7)
  A water moccasin zombie (D:5)
  3 scorpions
  10 killer bees
  9 wights
  3 howler monkeys
  2 bullfrog zombies (D:6)
  6 centaur zombies
  2 bullfrog skeletons
  A hound (D:6)
  A jelly (D:5)
  A gnoll shaman (D:10)
  4 orc priests
  5 centaur skeletons (D:7)
  Terence (D:3)
  2 iguanas
  8 orc wizards
  Natasha (thrice) (D:3)
  A killer bee zombie (D:7)
  A mummy (D:7)
  9 gnolls
  8 adders
  3 shadow imps (D:7)
  3 white imps (D:7)
  An ufetubus (D:4)
  4 dart slugs
  26 orcs
  6 ball pythons
  7 bats
  8 endoplasms
  3 giant cockroaches
  2 goblins
  8 hobgoblins
  10 jackals
  6 quokkas
  6 frilled lizards
  7 kobolds
  2 kobold zombies (D:7)
  2 orc zombies (D:7)
  6 rats
280 creatures vanquished.

Vanquished Creatures (collateral kills)
  2 orcs (D:3)
2 creatures vanquished.

Vanquished Creatures (others)
  An orc (D:9)
  421 foxfires
422 creatures vanquished.

Grand Total: 704 creatures vanquished

Notes
Turn   | Place    | Note
-------+----------+-------------------------------------------
     0 | D:1      | pokeman the Deep Elf Hedge Wizard began the quest for the
                  | Orb.
     0 | D:1      | Reached XP level 1. HP: 10/10 MP: 7/7
   189 | D:1      | Reached XP level 2. HP: 9/16 MP: 0/9
   820 | D:1      | Reached skill level 5 in Spellcasting
  1057 | D:1      | Reached XP level 3. HP: 20/20 MP: 8/11
  1061 | D:1      | Learned a level 3 spell: Mephitic Cloud
  1064 | D:1      | Learned a level 2 spell: Call Imp
  1067 | D:1      | Learned a level 2 spell: Blink
  1071 | D:1      | Learned a level 3 spell: Conjure Flame
  1633 | D:2      | Reached skill level 1 in Armour
  1831 | D:2      | Reached skill level 1 in Fighting
  1928 | D:2      | Reached XP level 4. HP: 25/25 MP: 6/13
  2645 | D:3      | Found a faded altar of an unknown god.
  2760 | D:3      | Found a broken altar of Ashenzari.
  2890 | D:3      | Reached skill level 6 in Spellcasting
  2890 | D:3      | Reached skill level 1 in Necromancy
  2892 | D:3      | Noticed Terence
  2894 | D:3      | Reached XP level 5. HP: 29/29 MP: 4/15
  3246 | D:3      | Found a snail-covered altar of Cheibriados.
  3380 | D:3      | Noticed Natasha
  3390 | D:3      | Killed Natasha
  3574 | D:3      | Killed Terence
  3575 | D:3      | Reached skill level 1 in Fire Magic
  3709 | D:3      | Noticed Natasha
  3717 | D:3      | Killed Natasha
  3957 | D:3      | Found a basalt altar of Yredelemnul.
  3965 | D:3      | Noticed Natasha
  3985 | D:3      | Killed Natasha
  4265 | D:3      | Found an ornate altar of the Wu Jian Council.
  4355 | D:3      | Reached XP level 6. HP: 34/34 MP: 14/17
  5455 | D:4      | Found a shadowy altar of Dithmenos.
  5455 | D:4      | Found a hide-covered altar of Uskayaw.
  5456 | D:4      | Found a sparkling altar of Nemelex Xobeh.
  5694 | D:4      | Reached skill level 1 in Air Magic
  5726 | D:4      | Reached skill level 7 in Spellcasting
  5726 | D:4      | Reached skill level 1 in Evocations
  5961 | D:4      | Found a sacrificial altar of Ru.
  6251 | D:4      | Identified the ring "Siugug" {rElec Str+3 Int+6 Slay-3
                  | Stlth+}
  6410 | D:5      | Entered Level 5 of the Dungeon
  6527 | D:5      | Reached skill level 1 in Poison Magic
  6602 | D:5      | Reached XP level 7. HP: 38/38 MP: 1/20
  6784 | D:5      | Learned a level 1 spell: Shock
  6788 | D:5      | Learned a level 3 spell: Swiftness
  6822 | D:5      | Found an opulent altar of Gozag.
  6914 | D:5      | Reached skill level 8 in Spellcasting
  7348 | D:6      | Noticed Prince Ribbit
  7361 | D:6      | Reached XP level 8. HP: 36/44 MP: 0/22
  7496 | D:6      | Killed Prince Ribbit
  7497 | D:6      | Reached skill level 9 in Spellcasting
  7550 | D:6      | Reached skill level 5 in Conjurations
  7714 | D:6      | Found Bosu's Antique Armour Boutique.
  7776 | D:6      | Reached skill level 10 in Spellcasting
  8353 | D:6      | Found a blossoming altar of Fedhas.
  8532 | D:6      | Found a shimmering blue altar of Sif Muna.
  8552 | D:6      | Got Sif Muna's Disquisition on Confrontation
  8558 | D:6      | Learned a level 1 spell: Foxfire
  8647 | D:7      | Reached XP level 9. HP: 46/48 MP: 17/25
  8978 | D:7      | Reached skill level 11 in Spellcasting
  9038 | D:7      | Found a staircase to the Ecumenical Temple.
  9051 | D:7      | Learned a level 2 spell: Wereblood
  9057 | Temple   | Entered the Ecumenical Temple
  9141 | D:7      | Noticed Menkaure
  9147 | D:7      | Killed Menkaure
  9280 | D:7      | Reached skill level 5 in Fire Magic
  9373 | D:7      | Noticed a kobold demonologist
  9388 | D:7      | Reached skill level 1 in Transmutations
  9608 | D:7      | Killed a kobold demonologist
  9795 | D:7      | Reached skill level 12 in Spellcasting
  9969 | D:7      | Identified the ring "Pareoless" {rElec MP+9 Int+3}
  9970 | D:7      | Got The Foundations of Sorcery
 10132 | D:7      | Reached XP level 10. HP: 51/56 MP: 28/28
 11340 | D:8      | Found a white marble altar of Elyvilon.
 11799 | D:8      | Found an ancient bone altar of Kikubaaqudgha.
 11859 | D:8      | Found a staircase to the Lair.
 11936 | D:8      | Noticed a death knight
 12311 | D:8      | Got the Volume of Enchantment and Arcane Weapons
 12316 | D:8      | Learned a level 3 spell: Stone Arrow
 13283 | D:8      | Killed a death knight
 13284 | D:8      | Reached skill level 13 in Spellcasting
 13284 | D:8      | Reached skill level 1 in Earth Magic
 13562 | D:9      | Found Hytzekh's Magic Scroll Shop.
 14302 | D:10     | Entered Level 10 of the Dungeon
 14807 | D:10     | Found a staircase to the Orcish Mines.
 14821 | D:10     | Reached skill level 14 in Spellcasting
 14821 | D:10     | Reached XP level 11. HP: 53/61 MP: 25/31
 15776 | D:9      | Bought a scroll of magic mapping for 49 gold pieces
 15776 | D:9      | Bought a scroll of teleportation for 42 gold pieces
 15776 | D:9      | Bought a scroll of fog for 28 gold pieces
 16173 | D:11     | Noticed Grum
 16228 | D:11     | Noticed a boulder beetle
 16464 | Orc:1    | Entered Level 1 of the Orcish Mines
 16941 | D:11     | Noticed a two-headed ogre
 17078 | D:11     | Killed a two-headed ogre
 17425 | D:11     | Killed a boulder beetle
 17426 | D:11     | Reached skill level 5 in Armour
 17584 | D:11     | Killed Grum
 17589 | D:11     | Reached skill level 15 in Spellcasting
 18210 | D:12     | Noticed a boulder beetle
 18227 | D:12     | Killed a boulder beetle
 18383 | D:12     | Noticed a two-headed ogre
 18389 | D:12     | Killed a two-headed ogre
 18483 | D:12     | Found Roved's General Store.
 18579 | D:12     | Bought a scroll of identify for 26 gold pieces
 18656 | D:12     | Found a transporter.
 18663 | D:12     | Found a transporter.
 18669 | D:12     | Noticed a tengu warrior
 18699 | D:12     | Noticed DemonSlayer's ghost (journeyman HuBe)
 18729 | D:12     | Learned a level 6 spell: Shadow Creatures
 18738 | D:12     | Identified the ring "Jeudogich" {Fire *Corrode rElec rPois}
 18740 | D:12     | Noticed a five-headed hydra
 18745 | D:12     | Noticed a shining eye
 18755 | D:12     | Noticed a four-headed hydra
 18755 | D:12     | Identified the amulet of Woytrim {RegenMP Stlth+}
 18973 | D:13     | Found Alyang's Armour Boutique.
 19166 | D:13     | Noticed a centaur warrior
 19173 | D:13     | Killed a centaur warrior
 19174 | D:13     | Reached XP level 12. HP: 68/68 MP: 30/33
 19188 | D:13     | Noticed a boulder beetle
 19621 | D:13     | Killed a boulder beetle
 19622 | D:13     | Reached skill level 5 in Fighting
 19622 | D:13     | Reached skill level 16 in Spellcasting
 19806 | D:13     | Noticed a tengu reaver
 19815 | D:13     | Killed from afar by a tengu reaver

Illustrated notes

Levels and vault maps discovered:
D:1:      dpeg_arrival_round_b, layout_loops_cross, st_stairs_3
D:2:      layout_loops_ring
D:3:      layout_basic, mainiacjoe_overflow_concentric_impassable,
          amcnicky_altar_gilded, nzn_wu_jian_council_hall,
          nicolae_ashenzari_skybound, hellmonk_ecumenical_altar_crossroads,
          uniq_terence, uniq_natasha
D:4:      layout_basic, nicolae_ru_sacrificial_ziggurat,
          gammafunk_temple_overflow_claw
D:5:      lemuel_ice_spiral_2, layout_rooms, nicolae_gozag_seed_capital,
          amcnicky_mini_pool_small, hangedman_decor_diamond_cutter
D:6:      layout_basic, led_sif_book, kennysheep_mini, serial_shops, shop,
          uniq_prince_ribbit1
D:7:      minmay_the_grid_octo_2x2 [minmay_the_grid_octo_fan_narrow,
          minmay_the_grid_octo_focus, minmay_the_grid_octo_clover,
          minmay_the_grid_octo_prize_square_snowflake], layout_basic,
          minmay_temple_entry_large_hall, minmay_mini_ossuary, uniq_menkaure
D:8:      layout_cave_pools, mainiacjoe_overflow_paths,
          mainiacjoe_overflow_24_doors, lair_entry_dummy
D:9:      layout_small_grid, serial_shops, nicolae_take_the_stairs
D:10:     layout_basic, minmay_orc_entry_guard_dogs, hex_large
D:11:     layout_basic, grunt_ministairs_13, uniq_grum
D:12:     layout_cave_pools, nzn_ghost_randoct, serial_shops, shop
D:13:     layout_gridville, serial_shops, shop_fountains,
          hellmonk_guarded_unrand_staff_of_battle, uniq_josephine, uniq_urug
Temple:   compressed_dpeg_triangle_lava_temple
Orc:1:    layout_caves, serial_shops, nicolae_shop_trees

Skill      XL: |  1  2  3  4  5  6  7  8  9 10 11 12 |
---------------+-------------------------------------+-----
Spellcasting   | 5 6 7 8 10 12 14 15 16 | 16.0
Armour         | 1 3 4 5 |  5.0
Conjurations   | 2 3 4 5 7 8 9 |  9.9
Fighting       | 1 2 3 4 5 |  5.0
Dodging        | 3 |  3.0
Necromancy     | 1 |  1.2
Fire Magic     | 1 2 4 6 7 9 |  9.2
Stealth        | 3 |  3.0
Air Magic      | 1 |  1.0
Evocations     | 1 |  1.3
Poison Magic   | 1 |  1.2
Transmutations | 1 |  1.0
Earth Magic    | 1 |  1.2
Summonings     | |  1.1
Translocations | |  1.1

Action                   |  1- 3 |  4- 6 |  7- 9 | 10-12 || total
-------------------------+-------+-------+-------+-------++-------
Melee: Dagger            |     3 |       |       |       ||     3
       Spear             |     2 |       |       |       ||     2
       Staff             |       |    57 |    46 |    98 ||   201
 Cast: Magic Dart        |   106 |   173 |    32 |    14 ||   325
       Mephitic Cloud    |       |     6 |    14 |    38 ||    58
       Call Imp          |       |     5 |     7 |     7 ||    19
       Conjure Flame     |       |     5 |    33 |    48 ||    86
       Shock             |       |       |    53 |    10 ||    63
       Foxfire           |       |       |    68 |   161 ||   229
       Blink             |       |       |     3 |    13 ||    16
       Swiftness         |       |       |     1 |     1 ||     2
       Wereblood         |       |       |     1 |       ||     1
       Stone Arrow       |       |       |       |    80 ||    80
  Use: Scroll            |       |       |       |     7 ||     7
 Stab: Confused          |       |     2 |     5 |     6 ||    13
Armor: Robe              |     1 |       |       |       ||     1
       Leather armour    |     8 |    18 |    36 |    13 ||    75
       Steam dragon scal |       |       |       |    61 ||    61
Dodge: Dodged            |     8 |    51 |    52 |   133 ||   244

Table legend: (Time is in decaauts)
 A = Elapsed time spent in this place.
 B = Non-inter-level travel time spent in this place.
 C = Inter-level travel time spent in this place.
 D = Time resting spent in this place.
 E = Time spent auto-exploring this place.
 F = Levels seen in this place.
 G = Mean time per level.
                   A        B        C        D        E       F      G
               +--------+--------+--------+--------+--------+-----+--------+
         Total |  19867 |  18658 |   1209 |   2294 |  12473 |  15 | 1324.5 |
       Dungeon |  19774 |  18586 |   1188 |   2294 |  12431 |  13 | 1521.1 |
        Temple |     91 |     71 |     20 |      0 |     42 |   1 |   91.0 |
  Orcish Mines |      1 |      1 |      0 |      0 |      0 |   1 |    1.0 |
               +--------+--------+--------+--------+--------+-----+--------+

Top non-repeatable levels by time:
     D:7: 2718 daAuts
     D:3: 2300 daAuts
    D:11: 1928 daAuts
    D:10: 1913 daAuts
     D:8: 1886 daAuts
     D:6: 1522 daAuts
     D:1: 1520 daAuts
     D:2: 1299 daAuts
     D:4: 1298 daAuts
     D:9: 985 daAuts
    D:12: 945 daAuts
     D:5: 881 daAuts
    D:13: 574 daAuts
  Temple: 91 daAuts
   Orc:1: 1 daAuts
